[Event "*** Titled Tuesday Blitz"]
[Site "Chess.com"]
[Date "2020.12.01"]
[Round "9"]
[White "yobdc"]
[Black "nitpicker"]
[Result "1-0"]
[WhiteElo "2474"]
[BlackElo "2264"]
[TimeControl "180+1"]
[EndTime "11:44:09 PST"]
[Termination "yobdc won on time"]

1. d4 Nf6 2. Nf3 b6 3. e3 Bb7 4. Bd3 e6 5. b3 c5 6. Bb2 Be7 7.
Nbd2 d6 8. O-O O-O 9. c4 cxd4 10.
exd4 d5 11. Ne5 Nc6 12. Ndf3 Rc8 13. Re1 h6 14. Rc1 Nxe5 15. Nxe5 Nd7 16. Nf3 Nf6 17. Bb1 Ne4 18. Ne5 Bd6 19. f3 Nf6 20.
Qd3 Re8 21. Ng4 Kf8 22. c5 Bf4 23. Rcd1 Nxg4 24. fxg4 Qg5 25. cxb6 axb6 26. Ba3+ Re7 27. g3 Bb8 28. Qh7 Ke8 29. Bxe7 Kxe7 30. Qf5 Rc3 31. Qxg5+ hxg5 32. Rd3 Rc6 33. Rd2 Bd6 34. Rc2 Kd7 35. Rxc6 Bxc6 36. Bd3 Bb4 37. Rd1 Ba3 38. Kf2 Ke7 39.
Ke3 Bd7 40. h4 gxh4 41. gxh4 Bd6 42. h5 Kf6 43. a4 Ke7 44. Bb5 Bc8 45. g5 Bb7 46. Rf1 f5 47. gxf6+ gxf6 48. h6 Kf7 49. Rg1 1-0

[Event "*** Titled Tuesday Blitz"]
[Site "Chess.com"]
[Date "2020.12.01"]
[Round "9"]
[White "lacafi"]
[Black "dhaessel"]
[Result "0-1"]
[WhiteElo "2174"]
[BlackElo "1890"]
[TimeControl "180+1"]
[EndTime "11:44:09 PST"]
[Termination "dhaessel won by checkmate"]

1. d4 Nf6 2. Nf3 g6 3. c4 Bg7 4. Nc3 d5 5. cxd5 Nxd5 6. e4 Nxc3 7. bxc3 O-O 8. Be2 c5 9. Be3 cxd4 10. cxd4 Qa5+ 11. Qd2 Qxd2+ 12. Bxd2 Rd8 13. Bc3 Nc6 14.
Rd1 Bg4 15. e5 Rac8 16. O-O Nxe5 17. dxe5 Rxd1 18. Rxd1 Rxc3 19. h3 Bxf3 20. Bxf3 Bxe5 21. Bxb7 Ra3 22. Bd5 Ra5 23. Bb3 Kg7 24. f3 Bd6 25. Kf2 Kf6 26. g3 h5 27. Rd3 h4 28. g4 Bg3+ 29.
Kg2 Re5 30. Rd2 a5 31. Bd5 e6 32. Be4 Rc5 33. Rb2 Ke5 34. Rb7 f5 35. Bd3 Rc3 36.
Rd7 Ra3 37. Bc4 Rc3 38. Bb3 Re3 39. Re7 Re2+ 40. Kg1 Kf6 41. Rb7 Kg5 42. Re7 e5 43.
Be6 Kf4 44. gxf5 gxf5 45. Rf7 Kxf3 46. Rxf5+ Ke3 47. Rf7 Bf4 48. Rh7 Kf3 49. Rxh4 Re1# 0-1

[Event "*** Titled Tuesday Blitz"]
[Site "Chess.com"]
[Date "2020.12.01"]
[Round "9"]
[White "dropstoneDP"]
[Black "Rsnr"]
[Result "0-1"]
[WhiteElo "2908"]
[BlackElo "2808"]
[TimeControl "180+1"]
[EndTime "11:44:11 PST"]
[Termination "Rsnr won on time"]

1. d4 d5 2. Nf3 Nf6 3. Bf4 c5 4.
e3 Nc6 5. c3 Qb6 6. Qb3 c4 7.
Qc2 Bf5 8. Qc1 Nh5 9. Bg5 f6 10. Bh4 g5 11. Bg3 e5 12. dxe5 Nxg3 13. hxg3 Nxe5 14. Nxe5 fxe5 15. Nd2 O-O-O 16. b3 Bc5 17. Be2 Bd3 18. Nf3 e4 19. Nxg5 Qf6 20. Nh3 h5 21.
Bxd3 exd3 22. O-O h4 23. g4 Rhg8 24. Qd1 Kb8 25. bxc4 dxc4 26. Rb1 Qa6 27. a4 b6 28. g5 Qa5 29. Rb5 Qxc3 30. Qg4 d2 31. Rd1 Qc2 32. Rxc5 bxc5 33. Qf4+ Kb7 34. Qf3+ Kc7 35. Nf4 c3 36. Ne6+ Kd6 37. Nf4 Rd7 38. Qd5+ Kc7 0-1

[Event "*** Titled Tuesday Blitz"]
[Site "Chess.com"]
[Date "2020.12.01"]
[Round "9"]
[White "MoreChessJulia"]
[Black "garfio2017"]
[Result "1/2-1/2"]
[WhiteElo "2118"]
[BlackElo "2282"]
[TimeControl "180+1"]
[EndTime "11:44:12 PST"]
[Termination "Game drawn by repetition"]

1. d4 Nf6 2. c4 e6 3. Nf3 c5 4. d5 exd5 5. cxd5 d6 6. Nc3 g6 7. h3 Bg7 8. e4 O-O 9. Bd3 a6 10. O-O b5 11. Bf4 Re8 12. Re1 c4 13.
Bc2 b4 14. Na4 a5 15. Qd2 Bd7 16. b3 Bxa4 17. bxa4 Na6 18. Rad1 Nc5 19. e5 dxe5 20. Nxe5 b3 21. Bb1 Nxa4 22. Nxc4 bxa2 23. Bxa2 Rxe1+ 24. Qxe1 Nd7 25. Ne5 Ndc5 26. Nc6 Qb6 27. Bc4 Nc3 28. Rc1 N3e4 29. Be3 Qb2 30. f3 Nd6 31.
Bxc5 Nxc4 32. Rxc4 a4 33. Ne7+ Kh8 34. d6 a3 35.
Bxa3 Qxa3 36. d7 Qa7+ 37. Kh2 Qxd7 38. Re4 Re8 39. Qb4 Bf8 40. Qc3+ Bg7 41. Qb4 Bf8 42. Qc3+ Bg7 43. Qb4 1/2-1/2

[Event "*** Titled Tuesday Blitz"]
[Site "Chess.com"]
[Date "2020.12.01"]
[Round "9"]
[White "vladimirdamjanovic"]
[Black "Volodar_Murzin"]
[Result "0-1"]
[WhiteElo "2450"]
[BlackElo "2596"]
[TimeControl "180+1"]
[EndTime "11:44:13 PST"]
[Termination "Volodar_Murzin won by checkmate"]

1. e4 c5 2. Nf3 d6 3. Bb5+ Nd7 4. c3 a6 5. Ba4 b5 6. Bc2 Bb7 7. O-O Ngf6 8. Qe2 e5 9. a4 c4 10. axb5 axb5 11. Rxa8 Qxa8 12. d3 Nc5 13. dxc4 bxc4 14. Qxc4 Nfxe4 15. b4 Nd7 16. Na3 d5 17. Qb3 Be7 18.
Nb5 Qc8 19. Bxe4 dxe4 20. Ng5 O-O 21. Be3 h6 22. Nh3 Kh8 23. c4 f5 24. Na7 Qa8 25. Ra1 f4 26. Bd2 e3 27. fxe3 Bxg2 28. Nf2 Bb7 29. e4 Nf6 30. c5 Nxe4 31. b5 Nxc5 32. Qb2 Qc8 33. Qxe5 Bf6 34. Qe1 Bxa1 35. Qxa1 Qf5 36.
Bc3 Qg5+ 37. Kf1 Ne4 38. Bxg7+ Qxg7 39. Qa4 Nxf2 40. Kxf2 Qg2+ 41. Ke1 Re8+ 42. Kd1 Bf3+ 43. Kc1 Re1+ 44. Qd1 Rxd1# 0-1

[Event "*** Titled Tuesday Blitz"]
[Site "Chess.com"]
[Date "2020.12.01"]
[Round "9"]
[White "HackingKid98"]
[Black "AquivaRubinstein"]
[Result "1-0"]
[WhiteElo "2391"]
[BlackElo "2475"]
[TimeControl "180+1"]
[EndTime "11:44:13 PST"]
[Termination "HackingKid98 won by resignation"]

1. d4 Nf6 2. c4 c5 3. Nf3 cxd4 4. Nxd4 e5 5. Nb5 d5 6. cxd5 Bc5 7. e3 O-O 8. a3 Re8 9. b4 Bd6 10. Bb2 e4 11.
Nxd6 Qxd6 12. Nc3 a6 13. h3 Bf5 14. Ne2 Nbd7 15. Nd4 Bg6 16. Be2 Nb6 17. Nb3 Nbd7 18. O-O Rac8 19. Rc1 Rxc1 20. Qxc1 Ne5 21. Qc5 Qd7 22. Rc1 h6 23. Qc7 Nxd5 24. Qxd7 Nxd7 25. Bc4 N7b6 26. Be2 Nd7 27. Na5 b6 28. Nc4 N7f6 29. Nd6 Rd8 30. Nb7 Rb8 31. Bxa6 Ne8 32. b5 Nec7 33. Nd6 Nxa6 34. bxa6 Ra8 35. Rc8+ Rxc8 36. Nxc8 Nc7 37. a7 Na8 38. Bd4 Bf5 39. Nxb6 Nc7 40. a8=Q+ Nxa8 41. Nxa8 Bd7 42. Nb6 Bc6 43. a4 f5 44. a5 Bb7 45. Na4 Kf7 46. Nc5 Bc8 47. a6 Bxa6 48. Nxa6 1-0

[Event "*** Titled Tuesday Blitz"]
[Site "Chess.com"]
[Date "2020.12.01"]
[Round "9"]
[White "Chernov_Mikhail"]
[Black "Kolle05"]
[Result "0-1"]
[WhiteElo "2295"]
[BlackElo "2436"]
[TimeControl "180+1"]
[EndTime "11:44:13 PST"]
[Termination "Kolle05 won on time"]

1. e4 c5 2. Nf3 d6 3. d4 cxd4 4. Nxd4 Nf6 5. Nc3 a6 6. Bc4 e6 7. Bb3 Be7 8. g4 O-O 9. g5 Nfd7 10. Rg1 b5 11. Qh5 Nc5 12. f3 b4 13. Nce2 a5 14.
Be3 a4 15. Bc4 Qc7 16. Bb5 g6 17. Qh6 e5 18. Nf5 gxf5 19. g6 fxg6 20. Rxg6+ hxg6 21. Qxg6+ Kh8 22. O-O-O Bf6 23. Qh6+ Kg8 24. Rg1+ Bg7 25.
Bc4+ Be6 26. Bxe6+ Nxe6 27. Qxe6+ Kh7 28. Qg6+ Kh8 29.
Bh6 Rf7 30. Qh5 Kg8 31. Ng3 b3 32. axb3 axb3 33. c3 Ra1+ 34. Kd2 Rxg1 35. Bxg7 Rxg7 36. Nxf5 R7g2+ 37. Kd3 Qc5 0-1

[Event "*** Titled Tuesday Blitz"]
[Site "Chess.com"]
[Date "2020.12.01"]
[Round "9"]
[White "2nd_life"]
[Black "DenLaz"]
[Result "0-1"]
[WhiteElo "2572"]
[BlackElo "2802"]
[TimeControl "180+1"]
[EndTime "11:44:14 PST"]
[Termination "DenLaz won on time"]

1. e4 e5 2. f4 Bc5 3. Nf3 d6 4. Nc3 Nf6 5. Bc4 O-O 6. d3 exf4 7. Bxf4 Nc6 8. h3 Be6 9. Bb3 Nd4 10. Na4 Bxb3 11.
axb3 Ne6 12. Qd2 Nh5 13. Bh2 f5 14. Nxc5 dxc5 15. exf5 Rxf5 16. O-O Qd5 17. c4 Qd7 18. g4 Rxf3 19. Rxf3 Nd4 20. Re3 Nxb3 21. Qg2 Nxa1 22. gxh5 Qd4 23. Qe4 Nc2 24. Qxd4 Nxd4 25. Re7 Rc8 26.
Be5 Nf5 27. Rd7 Kf8 28. Rxc7 Rxc7 29. Bxc7 Ke7 30. Kf2 Kd7 31. Be5 Ke6 32. Bc3 g6 33. hxg6 hxg6 34. Kf3 Nd6 35. Kf4 Nf7 36. h4 a6 37. b3 b5 38. Bb2 Nd8 39. Kg5 Kf7 40. Kf4 Nc6 41. Ke4 Ke6 42. Ba3 b4 43. Bc1 Na5 0-1

[Event "*** Titled Tuesday Blitz"]
[Site "Chess.com"]
[Date "2020.12.01"]
[Round "9"]
[White "LuckSlayeer"]
[Black "SlovenskiZmaj"]
[Result "1/2-1/2"]
[WhiteElo "2581"]
[BlackElo "2454"]
[TimeControl "180+1"]
[EndTime "11:44:14 PST"]
[Termination "Game drawn by repetition"]

1. Nf3 d6 2. d4 f5 3. c4 Nf6 4. Nc3 g6 5. Bg5 Nbd7 6. e3 Bg7 7. Bd3 O-O 8. Bxf6 Nxf6 9. Qc2 Qe8 10. Nb5 Qd8 11.
h4 c6 12. Nc3 Qe8 13. e4 fxe4 14. Nxe4 Nxe4 15. Bxe4 Bg4 16. O-O-O Bxf3 17. gxf3 e5 18.
d5 c5 19. h5 g5 20. Bxh7+ Kh8 21. h6 Bf6 22. Bg6 Qd7 23. h7 b5 24. Bf5 Qb7 25. Be6 bxc4 26. Qxc4 Rab8 27. b3 Qb4 28. Qxb4 Rxb4 29.
Bf5 Rf4 30. Be4 g4 31. Kc2 gxf3 32. Kd3 Rg4 33. Rdg1 Rxg1 34. Rxg1 Bg7 35. Rg6 Bf6 36. Bf5 a6 37. Ke4 Be7 38. Re6 Rf7 39. Rg6 Rf8 40.
Re6 Rf7 41. Bg6 Rg7 42. Bf5 Rf7 1/2-1/2

[Event "*** Titled Tuesday Blitz"]
[Site "Chess.com"]
[Date "2020.12.01"]
[Round "9"]
[White "GregShahade"]
[Black "Zhigalko_Sergei"]
[Result "0-1"]
[WhiteElo "2704"]
[BlackElo "2876"]
[TimeControl "180+1"]
[EndTime "11:44:19 PST"]
[Termination "Zhigalko_Sergei won by resignation"]

1. e4 c5 2. Nf3 Nc6 3. d4 cxd4 4. Nxd4 Nf6 5. Nc3 e5 6. Ndb5 d6 7. Bg5 a6 8. Na3 b5 9. Nd5 Be7 10. Bxf6 Bxf6 11. c4 b4 12. Nc2 O-O 13. g3 a5 14. Bg2 Bg5 15. O-O Ne7 16. Nde3 Bxe3 17.
Nxe3 Be6 18. b3 Qc7 19. Nf5 Rfd8 20. Nxe7+ Qxe7 21. Qd3 a4 22. Rab1 axb3 23. axb3 Ra3 24. Rfd1 Qa7 25. Rd2 g6 26. h4 h5 27. Kh2 Ra2 28.
Bh3 Kg7 29. Rbd1 Rxd2 30. Rxd2 Rd7 31. Qb1 Qa8 32. Bxe6 fxe6 33. f3 Qa7 34. Qd1 Kf7 35.
Kg2 Ke7 36. Rd3 Qa2+ 37. Rd2 Qa7 38. Rd3 Qa2+ 39. Kh3 Qf2 40. Rd2 Qe3 41. Kg2 Ra7 42. Re2 Qd4 43. Rd2 Qe3 44. Re2 Qc3 45. Rd2 Ra1 46. Qe2 Qc1 47. Kh3 Qh1+ 48. Qh2 Qxf3 49. Qf2 Rh1+ 0-1

[Event "*** Titled Tuesday Blitz"]
[Site "Chess.com"]
[Date "2020.12.01"]
[Round "9"]
[White "PriSachu"]
[Black "MFBerna"]
[Result "0-1"]
[WhiteElo "2521"]
[BlackElo "2439"]
[TimeControl "180+1"]
[EndTime "11:44:19 PST"]
[Termination "MFBerna won on time"]

1. e4 e5 2. Nf3 Nc6 3. d4 exd4 4. Bc4 Nf6 5. O-O Nxe4 6. Nc3 dxc3 7. Bxf7+ Kxf7 8.
Qd5+ Ke8 9. Re1 Be7 10. Rxe4 d6 11. Bg5 Rf8 12. Rae1 Rf7 13. bxc3 Kf8 14. Bxe7+ Nxe7 15. Qh5 Bf5 16. Ng5 Rf6 17. Rxe7 Qxe7 18. Rxe7 Kxe7 19. Nxh7 Rh8 20. Nxf6 Rxh5 21. Nxh5 Bxc2 22. Nxg7 Bg6 23. h4 Kf6 24. h5 Bf7 25. h6 Bxa2 26. Ne8+ Kg6 27. Nxc7 Bc4 28. f4 a5 29. Ne8 a4 30.
Nxd6 a3 31. Nxc4 a2 32. Ne5+ Kxh6 33. Kh2 a1=Q 34. Kh3 Qxc3+ 35. Kh4 Qe1+ 36. g3 Qh1+ 37. Kg4 Qd1+ 38. Kf5 Kg7 39. g4 b5 40. Ke6 b4 41. f5 Qd8 42. Nd7 Qe8+ 43. Kd6 b3 44. f6+ Kg6 0-1

[Event "*** Titled Tuesday Blitz"]
[Site "Chess.com"]
[Date "2020.12.01"]
[Round "9"]
[White "csati17"]
[Black "dpopadic"]
[Result "1-0"]
[WhiteElo "2583"]
[BlackElo "2404"]
[TimeControl "180+1"]
[EndTime "11:44:19 PST"]
[Termination "csati17 won by resignation"]

1. c4 Nf6 2. Nc3 g6 3. e4 d6 4. g3 Bg7 5. Bg2 O-O 6. Nge2 Nbd7 7. O-O e5 8. d3 Nc5 9. h3 a5 10. Be3 c6 11. Qd2 Ne6 12. d4 c5 13. dxe5 dxe5 14. Nd5 Nd4 15. Nxd4 cxd4 16. Bg5 Be6 17. f4 Bxd5 18.
fxe5 Bxc4 19. exf6 Bh8 20. e5 Bxf1 21. Rxf1 Re8 22.
Re1 Qd7 23. Kh2 a4 24. h4 Rad8 25. Bh3 Qd5 26. e6 Rxe6 27. Bxe6 fxe6 28. f7+ Kxf7 29.
Qf2+ Kg8 30. Bxd8 Qxd8 31. Rxe6 d3 32. Re1 a3 33. Rf1 Bg7 34. bxa3 d2 35. Qf7+ Kh8 36. Qxb7 h5 37. Qb3 Qd4 38. Qf3 Kh7 39. Qb3 Qe5 40.
Qd3 Qb2 41. Rf2 Bh6 42. Qd7+ Kh8 43. Qe8+ Kh7 44. Qd7+ Kh8 45. a4 d1=Q 46. Qe8+ Kh7 47. Rxb2 Bg7 48. Qe2 Qxa4 49. Rc2 Qa5 50. Qg2 Qa4 51. Re2 Bf6 52. Qe4 Bg7 53. Qxa4 1-0

[Event "*** Titled Tuesday Blitz"]
[Site "Chess.com"]
[Date "2020.12.01"]
[Round "9"]
[White "juancruzarias"]
[Black "LastHeroJr"]
[Result "1-0"]
[WhiteElo "2509"]
[BlackElo "2376"]
[TimeControl "180+1"]
[EndTime "11:44:19 PST"]
[Termination "juancruzarias won on time"]

1. d4 Nf6 2. Bg5 d5 3. e3 c5 4.
c3 Nc6 5. Nd2 Bf5 6. dxc5 e6 7.
b4 a5 8. Bb5 h6 9. Bh4 g5 10.
Bg3 Bg7 11. Bd6 axb4 12. cxb4 Ne4 13. Nxe4 Bxe4 14. Ne2 Bxa1 15. Qxa1 f6 16. Nd4 Kf7 17.
Nxc6 bxc6 18. Bxc6 Bxg2 19. Rg1 Be4 20. a4 Ra6 21. f3 Bxf3 22. b5 Rxc6 23. bxc6 Qa5+ 24. Kf2 g4 25. Qb2 Ra8 26. h3 Qxa4 27. hxg4 Be4 28. g5 hxg5 29. Kg3 Kg6 30. Rf1 Bf5 31. Qd4 Qc2 32.
Be7 e5 33. Qxd5 Rh8 34. Qg2 Rh3+ 35. Qxh3 Bxh3 36. Rxf6+ Kh5 37. Kxh3 g4+ 38. Kg3 Qc3 39.
c7 Qxe3+ 40. Kg2 Qe4+ 41. Kg1 Qb7 42. Bd6 g3 43. Rf1 Kg4 44. Rc1 1-0

[Event "*** Titled Tuesday Blitz"]
[Site "Chess.com"]
[Date "2020.12.01"]
[Round "9"]
[White "ArjunErigaisi2003"]
[Black "nubair1198"]
[Result "1/2-1/2"]
[WhiteElo "2933"]
[BlackElo "2844"]
[TimeControl "180+1"]
[EndTime "11:44:20 PST"]
[Termination "Game drawn by repetition"]

1. c4 g6 2. Nc3 Bg7 3. d4 d6 4. e4 Nf6 5. Be2 O-O 6. Bg5 h6 7. Be3 e5 8. d5 Na6 9. Qd2 Nc5 10. f3 Kh7 11. h4 a5 12. g4 Ng8 13.
h5 g5 14. Nh3 a4 15. O-O c6 16. Rfd1 cxd5 17. Qxd5 Ne6 18. Qxd6 Qxd6 19. Rxd6 Ne7 20. Kf2 Nc6 21. Rd2 Ncd4 22. Nd5 Rd8 23. Ng1 Bf8 24. Bf1 Bc5 25. Ne2 Kg7 26. Rad1 Ra6 27. Ng3 Nf4 28. Ne2 Nfe6 29. Rd3 Bd7 30. b4 axb3 31. axb3 b5 32. b4 bxc4 33. Rc3 Ba7 34. Rxc4 Bb5 35. Rcc1 Bxe2 36. Bxe2 Ra2 37. Nc3 Nxe2 38. Nxa2 Nxc1 39. Rxd8 Nxa2 40. Rd5 Bxe3+ 41. Kxe3 Nxb4 42. Rxe5 Nc6 43. Rd5 Kf6 44. Rf5+ Ke7 45. Rd5 Kf6 46. Rf5+ Kg7 47. Rd5 Ne7 48. Rd7 Nc6 49.
Rd5 1/2-1/2

[Event "*** Titled Tuesday Blitz"]
[Site "Chess.com"]
[Date "2020.12.01"]
[Round "9"]
[White "kirillshevchenko"]
[Black "Karacsonyi_Gellert"]
[Result "1-0"]
[WhiteElo "2865"]
[BlackElo "2680"]
[TimeControl "180+1"]
[EndTime "11:44:21 PST"]
[Termination "kirillshevchenko won by checkmate"]

1. e4 c5 2. Nf3 Nc6 3. c3 Nf6 4.
e5 Nd5 5. Bc4 Nb6 6. Bb3 e6 7.
d4 d5 8. O-O Bd7 9. Bc2 h6 10.
a3 c4 11. Ne1 Na5 12. Nd2 Be7 13. f4 g6 14. Nef3 Bc6 15. h3 Kd7 16. g4 Kc7 17.
f5 gxf5 18. gxf5 Qd7 19. f6 Rag8+ 20. Kh2 Bf8 21. Rg1 Ba4 22. Nf1 Bxc2 23. Qxc2 Nb3 24.
Rb1 Nxc1 25. Rxc1 Qa4 26. Qe2 Rxg1 27. Nxg1 Rg8 28. Ng3 Qb3 29. Nf3 Na4 30. Rc2 a5 31. Qd2 Qb6 32. Qc1 Kd7 33. Nh1 Ke8 34. Nf2 Qc7 35.
Nd1 b5 36. Rg2 Rxg2+ 37. Kxg2 Qb8 38. Qc2 Qb7 39. Ne3 Nb6 40. Qh7 b4 41. axb4 axb4 42. Ng4 Na4 43. Nxh6 Nxb2 44. Ng5 Bxh6 45.
Qxh6 bxc3 46. Qh8+ Kd7 47. Nxf7 Qc8 48. Qg7 Kc6 49.
Nd6 Qd7 50. f7 c2 51. f8=Q c1=Q 52. Qxd7+ Kxd7 53. Qc8+ Ke7 54. Qe8# 1-0

[Event "*** Titled Tuesday Blitz"]
[Site "Chess.com"]
[Date "2020.12.01"]
[Round "9"]
[White "arminmusovic"]
[Black "tylityli"]
[Result "1-0"]
[WhiteElo "2516"]
[BlackElo "2321"]
[TimeControl "180+1"]
[EndTime "11:44:21 PST"]
[Termination "arminmusovic won on time"]

1. e4 e5 2. Nf3 Nc6 3. Nc3 Nf6 4. Bb5 Bd6 5. O-O O-O 6. Re1 a6 7. Bxc6 dxc6 8. h3 h6 9. d4 Nd7 10. Be3 c5 11. dxe5 Nxe5 12. Nxe5 Bxe5 13. Bxc5 Qxd1 14. Raxd1 Bxc3 15. bxc3 Re8 16. f3 Be6 17. a3 Rad8 18. Kf2 f6 19. Ke3 b5 20. Rd4 Kf7 21. Red1 Rb8 22. g4 g5 23. Bb4 h5 24. R1d2 Rh8 25. Ba5 hxg4 26. hxg4 Rh3 27. Rg2 Rc8 28. a4 Ke7 29.
axb5 axb5 30. Rd1 c5 31. Bb6 Rc6 32. Bd8+ Kf7 33. Ra1 Rc8 34. Ra7+ Kg6 35. Be7 Rc6 36.
Bf8 Bf7 37. Rd2 Rc8 38. Be7 Rc6 39. Rdd7 Be6 40. Rdc7 Rxc7 41. Rxc7 Bxg4 42. Bxc5 Bxf3 43. Bd4 Bd1+ 44. Kd2 Bg4 45. Rb7 Bf3 46. Rb6 Bxe4 47.
Rxf6+ Kh5 48. Re6 1-0

[Event "*** Titled Tuesday Blitz"]
[Site "Chess.com"]
[Date "2020.12.01"]
[Round "9"]
[White "MarceloPlaya"]
[Black "anasta10"]
[Result "0-1"]
[WhiteElo "2285"]
[BlackElo "2442"]
[TimeControl "180+1"]
[EndTime "11:44:22 PST"]
[Termination "anasta10 won on time"]

1. e4 e6 2. d4 d5 3. Nc3 Bb4 4. e5 c5 5. a3 Bxc3+ 6. bxc3 Ne7 7. Qg4 Kf8 8. Bd3 Nbc6 9. Nf3 Qa5 10. Bd2 Qa4 11.
O-O c4 12. Be2 Qxc2 13. a4 h5 14. Qf4 Qf5 15. Qe3 Bd7 16. Nh4 Qh7 17. Bc1 Nf5 18. Ba3+ Kg8 19. Nxf5 Qxf5 20. Bd6 b6 21. h3 Rc8 22.
Rfb1 Na5 23. Bd1 Qd3 24. Qc1 Rh6 25. Rb2 Nb3 26. Bxb3 cxb3 27. Rxb3 Rg6 28. Qe3 Qc2 29. Rba3 a5 30. Re1 Rc6 31. Re2 Qb1+ 32. Kh2 Bc8 33. Raa2 Ba6 34. Red2 Qf1 35. Qf3 Bc4 36. Rab2 Qa1 37.
Qd1 Qxd1 38. Rxd1 f6 39. Rdb1 fxe5 40. Bxe5 Bd3 41. Rxb6 Rxc3 42. Rb8+ Kh7 43. R1b7 Be4 44. Bg3 h4 45. Ra8 hxg3+ 46. fxg3 Rcxg3 0-1

[Event "*** Titled Tuesday Blitz"]
[Site "Chess.com"]
[Date "2020.12.01"]
[Round "9"]
[White "Sacbutt"]
[Black "Loy_Konstantin"]
[Result "0-1"]
[WhiteElo "2250"]
[BlackElo "2352"]
[TimeControl "180+1"]
[EndTime "11:44:22 PST"]
[Termination "Loy_Konstantin won by resignation"]

1. d4 Nf6 2. c4 c5 3. d5 b5 4.
cxb5 a6 5. b6 d6 6. Nc3 g6 7. e4 Qxb6 8. Nf3 Bg4 9. Be2 Bxf3 10. Bxf3 Bg7 11. O-O Nbd7 12. Qc2 O-O 13. Rb1 Ne8 14. Bg5 Bf6 15. Bxf6 exf6 16. Be2 Nc7 17. b3 Nb5 18. Na4 Qa5 19. Rfc1 Nd4 20. Qd1 Rfe8 21. Bd3 Rab8 22. Qf1 Ra8 23. f3 Nb6 24. Nxb6 Qxb6 25. Rb2 a5 26. a4 Rab8 27.
Bc4 Qc7 28. Qe1 Rb4 29. Qe3 Reb8 30. h4 Rxa4 31. bxa4 Rxb2 32. h5 Qe7 33. hxg6 hxg6 34. Qf4 Qe5 35. Qxe5 fxe5 36. Kh2 Nxf3+ 37. Kg3 Nd4 38.
Rf1 Kg7 39. Ra1 Rb4 40. Bb5 Nxb5 41. axb5 Rxb5 42. Kf3 f5 43. Ke3 Kf6 44. exf5 gxf5 45. Rf1 Rb3+ 46. Ke2 Rb4 47. Ke3 Rd4 48. Ra1 f4+ 49.
Kf3 a4 50. g3 fxg3 51. Kxg3 Rxd5 52. Kf3 Rd4 53. Ke3 Ke6 54. Rf1 Kd5 55. Rh1 a3 56. Rh6 a2 57. Rh8 Ra4 58. Ra8 Rxa8 0-1

[Event "*** Titled Tuesday Blitz"]
[Site "Chess.com"]
[Date "2020.12.01"]
[Round "9"]
[White "Kavyev_Ruslan"]
[Black "1977Ivan"]
[Result "0-1"]
[WhiteElo "2517"]
[BlackElo "2680"]
[TimeControl "180+1"]
[EndTime "11:44:26 PST"]
[Termination "1977Ivan won by resignation"]

1. d4 Nf6 2. c4 g6 3. Nc3 Bg7 4. e4 d6 5. Be2 O-O 6. Be3 c5 7.
d5 e6 8. Nf3 exd5 9. cxd5 Bg4 10. Nd2 Bxe2 11. Qxe2 Na6 12. O-O Re8 13. h3 Nb4 14.
Rac1 Qd7 15. a3 Na6 16. Rce1 Nc7 17. a4 b6 18. Qd3 a6 19. Nc4 Rab8 20. Bf4 Bf8 21.
Bg5 Nh5 22. f4 b5 23. axb5 axb5 24. Na5 b4 25. Nd1 Qb5 26. Qxb5 Nxb5 27. Nc6 Ra8 28. e5 f6 29. exf6 Kf7 30. Rxe8 Rxe8 31.
f5 Ng3 32. fxg6+ Kxg6 33. f7 Re2 34. Rf3 Re1+ 35. Kf2 Rxd1 36. Rxg3 Kxf7 37. Rf3+ Ke8 38. Re3+ Kd7 39. Rf3 Ke8 40. Bf6 Rxd5 41. g4 Kd7 42. Na5 Bh6 43. Bh8 Bc1 44. Rf7+ Ke6 45. Rxh7 Bxb2 46.
Bxb2 Rd2+ 47. Kg3 Rxb2 48. g5 Nd4 49. g6 Kf6 50. Rh6 Nf5+ 51. Kf4 Nxh6 0-1

[Event "*** Titled Tuesday Blitz"]
[Site "Chess.com"]
[Date "2020.12.01"]
[Round "9"]
[White "bascheyaro"]
[Black "Mikhail_Golubev"]
[Result "1-0"]
[WhiteElo "2741"]
[BlackElo "2572"]
[TimeControl "180+1"]
[EndTime "11:44:28 PST"]
[Termination "bascheyaro won on time"]

1. d4 Nf6 2. Nf3 g6 3. Bf4 Bg7 4. e3 O-O 5. Be2 d6 6. O-O Re8 7. h3 Nc6 8. Nc3 a6 9. d5 e5 10. dxc6 exf4 11. cxb7 Bxb7 12. exf4 Ne4 13. Nxe4 Rxe4 14.
Qd2 Bxb2 15. Rab1 Qf6 16. Bd3 Bc3 17. Bxe4 Bxd2 18. Bxb7 Re8 19. Nxd2 Qxf4 20. Nf3 Qa4 21. Bd5 Qxc2 22. Rbc1 Qf5 23. Rfd1 Re7 24. Bb3 a5 25. Rd5 Qf4 26. Rc4 Qf6 27. Rxa5 Qa1+ 28. Kh2 c5 29. Rf4 Qc1 30. Kg3 Qc3 31. Raa4 Kg7 32. Rac4 Qb2 33. Rce4 Rxe4 34. Rxe4 Qc1 35. Kh2 Qc3 36. Kg1 Qc1+ 37.
Re1 Qc3 38. Re4 Qc1+ 39. Kh2 Qc3 40. h4 h6 41. Rf4 f6 42. Rc4 Qb2 43. Kg3 Qa1 44.
Re4 Kf8 45. Re6 Qc3 46. Rxd6 c4 47. Rc6 Qd3 48. Rxc4 Qd6+ 49. Kh3 g5 50. hxg5 hxg5 51. g3 1-0

[Event "*** Titled Tuesday Blitz"]
[Site "Chess.com"]
[Date "2020.12.01"]
[Round "9"]
[White "profofchess"]
[Black "Gudmundur_Kjartansson"]
[Result "0-1"]
[WhiteElo "2429"]
[BlackElo "2563"]
[TimeControl "180+1"]
[EndTime "11:44:28 PST"]
[Termination "Gudmundur_Kjartansson won on time"]

1. e4 c5 2. Nf3 d6 3. c3 Nf6 4.
Bc4 Nxe4 5. Qa4+ Nc6 6. Bxf7+ Kxf7 7. Qxe4 d5 8. Qf4+ Kg8 9. O-O e6 10. d4 Bd6 11. Qe3 b6 12. Na3 Bd7 13. Re1 a6 14. Ne5 Nxe5 15. dxe5 Be7 16. Nc2 Qe8 17. Qg3 h6 18.
Qg4 Kh7 19. Ne3 Qg6 20. f4 Qxg4 21. Nxg4 h5 22. Nf2 b5 23. Be3 a5 24. Nd3 Rhc8 25.
Rac1 Be8 26. Nf2 Bg6 27. Nh3 Bf5 28. Ng5+ Bxg5 29. fxg5 b4 30. c4 d4 31. Bd2 a4 32. Rf1 Kg6 33. h4 Rf8 34. Rf3 Be4 35. Rxf8 Rxf8 36. Rf1 Rxf1+ 37. Kxf1 Bd3+ 38. Kf2 Bxc4 39.
a3 bxa3 40. bxa3 Kf5 41. Ba5 Kxe5 42. g6 Bd3 43. Bb6 Kd5 44. g4 Bxg6 45. gxh5 Bxh5 46. Kg3 c4 47. Kf4 c3 48. Ba5 c2 0-1

[Event "*** Titled Tuesday Blitz"]
[Site "Chess.com"]
[Date "2020.12.01"]
[Round "9"]
[White "SlavenPastar"]
[Black "StockholmMissile"]
[Result "0-1"]
[WhiteElo "2500"]
[BlackElo "2397"]
[TimeControl "180+1"]
[EndTime "11:44:28 PST"]
[Termination "StockholmMissile won on time"]

1. b3 e5 2. Bb2 Nc6 3. Nf3 e4 4.
Nd4 Nxd4 5. Bxd4 Nf6 6. e3 d5 7. c4 c5 8. Bxf6 Qxf6 9. Nc3 dxc4 10. Bxc4 Qg6 11. Qc2 Bf5 12. Bb5+ Kd8 13. O-O-O a6 14. Be2 Kc7 15. Nd5+ Kb8 16. Nb6 Qxb6 17. g4 Bg6 18. h4 h5 19. gxh5 Bxh5 20. Bxh5 Rxh5 21. Qxe4 Ka7 22.
Kb1 Qe6 23. Qc2 Re8 24. d3 Rd8 25. Rhg1 g6 26. Rh1 Bg7 27. Kc1 Qf6 28. Kd2 Qxf2+ 29.
Kc1 Qxe3+ 30. Kb1 Qd4 31. Kc1 Rxh4 32. Rxh4 Qxh4 33. Qxc5+ Ka8 34. Qc7 Qg5+ 35. Kc2 Qd5 36. Rd2 Be5 37. Qc4 Qxc4+ 38. bxc4 f5 39. Re2 Bb8 40. Re6 Rg8 41. Rf6 f4 42. Kd2 g5 43.
Ke2 g4 44. Kf2 g3+ 45. Kg2 Rh8 46. d4 Rh2+ 47. Kg1 Rd2 48. d5 Rd3 49. Rf8 f3 0-1

[Event "*** Titled Tuesday Blitz"]
[Site "Chess.com"]
[Date "2020.12.01"]
[Round "9"]
[White "anon481216"]
[Black "Semetey"]
[Result "0-1"]
[WhiteElo "2412"]
[BlackElo "2585"]
[TimeControl "180+1"]
[EndTime "11:44:28 PST"]
[Termination "Semetey won on time"]

1. d4 Nf6 2. c4 g6 3. Nc3 d5 4. Bg5 dxc4 5. e4 c5 6. d5 Bg7 7. Bxc4 O-O 8. Nf3 Bg4 9. O-O Nbd7 10. h3 Bxf3 11. Qxf3 Ne5 12. Qe2 Nxc4 13. Qxc4 Rc8 14.
a4 Qb6 15. Qb5 Rfd8 16. Rfd1 h6 17. Bf4 Nd7 18. Bh2 a6 19. Qe2 c4 20. a5 Qa7 21.
Ra4 Qc5 22. e5 b5 23. axb6 Nxb6 24. Rxa6 Nxd5 25. Ne4 Qb5 26. Raa1 Nb4 27. b3 Bxe5 28. Bxe5 Qxe5 29. bxc4 f5 30. Ng3 Qxe2 31. Rxd8+ Rxd8 32. Nxe2 Rc8 33. Rc1 e5 34. f3 Kf7 35. c5 Nd3 36.
Rd1 Nxc5 37. Rd6 Re8 38. Nc3 Re6 39. Rd8 Rc6 40. Nd5 h5 41. Rh8 Kg7 42. Re8 e4 43.
fxe4 Nxe4 44. Nf4 Rc1+ 45. Kh2 h4 0-1